[Event "2nd Bieszczady Chess-ch A 2022"]
[Site "Bystre"]
[Date "2022.07.24"]
[Round "9.8"]
[White "Maksimenko, Andrei Jr"]
[Black "Bugajski, Robert"]
[Result "1-0"]
[ECO "C00"]
[WhiteElo "1897"]
[BlackElo "2075"]
[Annotator "TA"]
[PlyCount "114"]
[EventDate "2022.07.17"]
[EventCountry "POL"]
[SourceTitle "playchess.com"]
[Source "ChessBase"]
[SourceQuality "1"]
[TimeControl "5400+30"]

1. e4 e6 2. d4 d5 3. Bd3 dxe4 4. Bxe4 Nf6 5. Bf3 c5 6. Ne2 Nc6 {[%emt 0:00:26] C01: French: Exchange Variation.} 7. Be3 cxd4 8. Nxd4 Nxd4 {[%emt 0:08:56] The position is equal.} 9. Qxd4 Qxd4 (9... Qa5+ $11 10. Nc3 e5) 10. Bxd4 $16 Bd6 11. Nd2 O-O 12. O-O-O {[%emt 0:08:01] [#]} Re8 $146 (12... Rb8 $14 {is superior.}) ({Predecessor:} 12... Rd8 13. Kb1 e5 14. Bc3 Be6 15. Bxb7 Rab8 16. Bf3 Nd5 17. Ba5 Rdc8 18. Nb3 Rb5 19. a4 {1-0 (19) Wen,Y (2608)-Nguyen,V (2335) Hanoi 2018}) 13. Rhe1 Bc7 14. Nc4 {[%emt 0:01:46] Against e5} Nd7 15. g3 Kf8 16. Bc3 Rb8 17. Bb4+ Kg8 18. Bd6 {[%emt 0:05:16] 0x0.001681657c66dp-1022s more active pieces. The black rooks are badly placed.} Bxd6 19. Nxd6 Re7 20. Nxc8 Rxc8 21. Bxb7 Rb8 22. Bc6 $36 {[%emt 0:03:38][%mdl 2048] Black is under strong pressure.} Nb6 23. Rd4 g6 24. Red1 Kg7 25. Rd8 Rxd8 26. Rxd8 $18 {[%emt 0:00:02][%mdl 4096] Endgame KRB-KRN} e5 (26... Kf6 $142 27. b3 Rc7) 27. b3 Rc7 28. Bb5 Nc8 29. c4 Kf6 30. b4 Ke7 31. Re8+ Kf6 32. c5 Nd6 33. Rb8 Nxb5 34. Rxb5 {[%emt 0:00:02] aiming for Kd2. KR-KR} Ke6 $2 (34... Kf5 35. Kd2 Ke4) 35. Kc2 Kd5 36. Kd3 Rc6 37. a4 Rf6 38. Ke2 {[%emt 0:02:37] And now Rb7 would win.} e4 (38... Rc6 $142 39. Rb7 a5) 39. Ra5 Kc4 40. b5 Kxc5 41. Rxa7 Rf3 42. Re7 f5 43. Rxh7 g5 $2 (43... Ra3 {keeps fighting.} 44. Rg7 Ra2+ 45. Kf1 Rxa4 46. Rxg6 Ra1+ 47. Kg2 Kd5) 44. h4 gxh4 45. Rxh4 {[%emt 0:00:00] [#] Black must now prevent Rf4.} Ra3 46. Rf4 Kd4 (46... Ra2+ $142 47. Kf1 Ra1+ 48. Kg2 Kd5 49. Rxf5+ Ke6) 47. Rxf5 {[%emt 0:00:00] Strongly threatening g4.} Ra2+ 48. Kf1 {[%emt 0:00:00][%cal Oa4a5] a5! is the strong threat.} Rxa4 49. Kg2 Ra2 50. Kh3 Ra3 51. Kh4 {[%emt 0:00:16] [#] Hoping for g4.} e3 52. fxe3+ Rxe3 53. g4 {[%emt 0:00:28] White mates.} Ke4 54. Kg5 Rd3 55. b6 Rb3 56. Rf6 Ke5 57. Kg6 Kd5 {Black did not feel at home in the position after the opening.  Weighted Error Value: White=0.08 (flawless) /Black=0.30} 1-0